 Dungeon Crawl Stone Soup version 0.30-a0-626-gd6a5dd7a1f (webtiles) character file.

Game seed: 7884133822465764395

5322 benadryl the Grappler (level 10, -7/102 HPs)
             Began as a Troll Fighter on Jan 11, 2023.
             Was a Priest of Trog.
             Mangled by a komodo dragon (18 damage)
             ... on level 10 of the Dungeon.
             The game lasted 00:10:11 (7637 turns).

benadryl the Grappler (Troll Fighter)               Turns: 7637, Time: 00:10:11

Health: -7/102     AC:  6    Str: 36    XL:     10   Next: 38%
Magic:  9/9        EV: 10    Int:  4    God:    Trog [***...]
Gold:   167        SH:  0    Dex:  9    Spells: 9/9 levels left

rFire   + . .      SeeInvis .      - Unarmed
rCold   + + .      Faith    .    f - orb {light}
rNeg    . . .      Spirit   .    j - +2 robe {rC+ rF+}
rPois   .          Reflect  .    (helmet restricted)
rElec   .          Harm     .    E - scarf {shadows}
rCorr   .          Rampage  .    (gloves unavailable)
Will    .....                    (boots unavailable)
Stlth   +                        (no amulet)
HPRegen 1.17/turn                s - ring of protection from cold
MPRegen 0.11/turn                a - +6 ring of strength

@: lethally poisoned (-7 -> -8), glowing
A: large, unfitting armour, claws 3, regeneration 1, shaggy fur 1, tough skin 1
a: Renounce Religion, Berserk, Trog's Hand


You were on level 10 of the Dungeon.
You worshipped Trog.
Trog was most pleased with you.
You visited 1 branch of the dungeon, and saw 10 of its levels.

You collected 167 gold pieces.

Inventory:

Hand Weapons
 c - a +3 spectral giant spiked club
 h - a +0 war axe of flaming
Missiles
 l - 4 large rocks (quivered)
Armour
 b - a +0 kite shield
 f - an orb of light (worn)
 j - a +2 robe of resistance (worn)
 E - a scarf of shadows (worn)
Jewellery
 a - a +6 ring of strength (right claw)
 s - a ring of protection from cold (left claw)
Wands
 w - a wand of digging (8)
 C - a wand of quicksilver (3)
Scrolls
 i - 2 scrolls of torment
 p - 2 scrolls of fear
 t - a scroll of enchant weapon {unknown}
 u - a scroll of teleportation
 v - 2 scrolls of fog
 y - 4 scrolls of enchant armour {unknown}
 A - a scroll of butterflies
 B - a scroll of magic mapping {unknown}
 D - 2 scrolls of noise {unknown}
Potions
 d - a potion of haste
 e - 2 potions of heal wounds {unknown}
 g - 2 potions of attraction
 k - 2 potions of flight
 m - a potion of magic
 n - 3 potions of lignification
 o - 3 potions of berserk rage {unknown}
 q - 4 potions of brilliance {unknown}
 r - a potion of invisibility
 x - a potion of mutation {unknown}
 z - 5 potions of curing {@q1}
 F - 2 potions of degeneration {unknown}


   Skills:
 + Level 7.0 Fighting
 - Level 3.0 Throwing
 + Level 3.3 Dodging
 - Level 6.1 Shields
 * Level 11.2 Unarmed Combat


You had 9 spell levels left.
You didn't know any spells.
Your spell library contained the following spells:

 Spells                   Type           Power      Damage    Failure   Level
 Cigotuvi's Dreadful Rot  Necr/Pois/Air  0%         N/A       65%         2
 Poisonous Vapours        Pois/Air       0%         N/A       65%         2
 Mephitic Cloud           Conj/Pois/Air  0%         N/A       86%         3


Dungeon Overview and Level Annotations

Branches:
Dungeon (10/15)            Temple (0/1) D:7
   Lair: D:8-11         Orc: D:9-12

Altars:
Hepliaklqana
Trog

Shops:
D:6 !

Annotations:
D:8 3 runed translucent doors, tnk's ghost, novice TrGl


Innate Abilities, Weirdness & Mutations

You are too large for most types of armour.
You have claws for hands.
Your natural rate of healing is unusually fast.
You are covered in fur. (AC +1)
You have tough skin. (AC +1)


Message History

You completely miss the kobold brigand.
The kobold brigand is heavily wounded.
You feel very sick. The kobold brigand closely misses you.
You claw the kobold brigand!
The kobold brigand is almost dead.
You feel very sick.
A komodo dragon comes into view.
The kobold brigand hits you but does no damage.
The komodo dragon moves out of view.
You barely miss the kobold brigand.
The kobold brigand is almost dead.
You feel sick.
The kobold brigand hits you but does no damage.
You are more poisoned.
The komodo dragon hisses angrily.
You mangle the kobold brigand!!
You kill the kobold brigand!
Trog accepts your kill.
You feel very sick.
You feel very sick.
Things that are here:
a +2 dagger of venom; a curare-tipped dart; a kobold corpse You feel very sick.
The komodo dragon bites you!!
You see here a water moccasin corpse.
You claw the komodo dragon!
The komodo dragon is lightly wounded.
You feel sick.
The komodo dragon bites you but does no damage.
You claw the komodo dragon!
The komodo dragon is moderately wounded.
You feel sick. The komodo dragon bites you!!
* * * LOW HITPOINT WARNING * * *
You claw the komodo dragon!
The komodo dragon is severely wounded.
You feel yourself speed up.
You feel sick. The komodo dragon barely misses you.
The komodo dragon bites you!!
You die...

.....#...## #.##. .
#.:......####.... ...
###..............##....
#./(..<[...............
#.##.)..).รท.##.........
#...[).......###....
..........)...........
....?.....))###.#####..
..........)@...........
####.......l###.#.....
#.#.......P........
#.##........P. .P..
#.P.....PP.P....
P.......P..P.


P.P .......P.P.. You could see a komodo dragon.

Vanquished Creatures
  Erolcha (D:10)
  Maurice (D:10)
  A komodo dragon (D:10)
  2 trolls
  Grinder (D:4)
  Sigmund (D:2)
  3 wyverns (D:7)
  A steam dragon (D:9)
  An acid dragon (D:9)
  2 water moccasins
  3 orc warriors
  A black bear (D:10)
  2 ice beasts (D:6)
  5 centaurs
  A phantom (D:4)
  2 kobold brigands
  3 bullfrogs
  2 scorpions (D:5)
  2 necrophages
  2 howler monkeys
  A hound (D:5)
  A jelly (D:6)
  9 orc priests
  A gnoll bouda (D:7)
  7 orc wizards
  2 iguanas (D:6)
  4 gnolls (D:7)
  3 adders
  2 white imps
  A worm (D:4)
  3 dart slugs
  34 orcs
  8 ball pythons
  6 endoplasms
  5 giant cockroaches
  9 goblins
  6 hobgoblins
  8 jackals
  3 quokkas
  2 bats
  5 frilled lizards
  12 kobolds
  7 rats
176 creatures vanquished.

Vanquished Creatures (others)
  26 fungi (D:10)
  19 plants (D:10)
45 creatures vanquished.

Grand Total: 221 creatures vanquished

Notes
Turn   | Place    | Note
-------+----------+-------------------------------------------
     0 | D:1      | benadryl the Troll Fighter began the quest for the Orb.
     0 | D:1      | Reached XP level 1. HP: 22/22 MP: 0/0
   148 | D:1      | Reached XP level 2. HP: 28/29 MP: 1/1
   407 | D:1      | Reached XP level 3. HP: 36/36 MP: 2/2
   475 | D:1      | Reached skill level 3 in Unarmed Combat
   677 | D:2      | Noticed Sigmund
   686 | D:2      | Killed Sigmund
   687 | D:2      | Reached skill level 4 in Unarmed Combat
   687 | D:2      | Reached XP level 4. HP: 38/45 MP: 3/3
   687 | D:2      | Reached XP level 5. HP: 44/53 MP: 4/4
   890 | D:2      | Found a bloodstained altar of Trog.
  1615 | D:3      | Found a hazy altar of Hepliaklqana.
  1727 | D:3      | Reached XP level 6. HP: 5/61 MP: 5/5
  2362 | D:2      | Became a worshipper of Trog the Wrathful
  2515 | D:4      | Reached skill level 5 in Unarmed Combat
  2925 | D:4      | Noticed Grinder
  2930 | D:4      | Paralysed by Grinder for 2 turns
  2933 | D:4      | Killed Grinder
  2934 | D:4      | Reached XP level 7. HP: 65/70 MP: 6/6
  3149 | D:5      | Entered Level 5 of the Dungeon
  3343 | D:5      | Reached skill level 6 in Unarmed Combat
  3404 | D:5      | Reached * piety under Trog
  4356 | D:6      | Reached XP level 8. HP: 74/79 MP: 7/7
  4362 | D:6      | Reached skill level 7 in Unarmed Combat
  4367 | D:6      | Found Yneurph's Distillery.
  4427 | D:6      | Reached skill level 1 in Throwing
  4614 | D:6      | Reached skill level 5 in Fighting
  5050 | D:7      | Reached skill level 8 in Unarmed Combat
  5213 | D:7      | Found a staircase to the Ecumenical Temple.
  5231 | D:7      | Reached ** piety under Trog
  5317 | D:7      | Reached XP level 9. HP: 83/88 MP: 8/8
  5582 | D:8      | Reached skill level 9 in Unarmed Combat
  5583 | D:8      | Reached skill level 5 in Shields
  6248 | D:8      | Found a runed translucent gate.
  6248 | D:8      | Found a runed translucent gate.
  6248 | D:8      | Found a runed translucent gate.
  6251 | D:8      | Noticed tnk's ghost (novice TrGl)
  6251 | D:8      | Identified the +5 chain mail of the Lumpy Servitors {-Tele
                  | rN+ Dex+4}
  6544 | D:9      | Noticed a troll
  6560 | D:9      | Killed a troll
  6640 | D:9      | Reached skill level 10 in Unarmed Combat
  7358 | D:10     | Entered Level 10 of the Dungeon
  7358 | D:10     | Noticed a troll
  7362 | D:10     | Killed a troll
  7371 | D:10     | Noticed a komodo dragon
  7379 | D:10     | Killed a komodo dragon
  7380 | D:10     | Reached XP level 10. HP: 71/100 MP: 9/9
  7391 | D:10     | Noticed Maurice
  7530 | D:10     | Noticed Erolcha
  7562 | D:10     | Killed Erolcha
  7565 | D:10     | Reached skill level 11 in Unarmed Combat
  7572 | D:10     | Killed Maurice
  7618 | D:10     | Reached *** piety under Trog
  7637 | D:10     | Mangled by a komodo dragon

Illustrated notes

Levels and vault maps discovered:
D:1:      minmay_arrival_plants_in_alcoves, layout_loops_cross
D:2:      layout_basic, basic_altar, uniq_sigmund
D:3:      minmay_door_path, layout_rooms, mainiacjoe_overflow_alcove_1
D:4:      layout_basic, uniq_grinder
D:5:      layout_rooms, st_stairs_11, grunt_decor_cap
D:6:      layout_basic, serial_shops, nicolae_shop_crystal, dk_vineyard_3
D:7:      layout_basic, minmay_temple_entry_hall
D:8:      layout_loops_corners, biasface_ghost_orc_armoury
D:9:      minmay_weird_star, layout_basic, palyth_stone_intersect,
          minmay_misc_feat_chi, dreamdust_princess_bridge
D:10:     layout_rooms, gammafunk_temple_overflow_forgotten,
          mainiacjoe_overflow_paths, due_lair_maze_entry_diamond, uniq_erolcha,
          uniq_maurice

Skill      XL: |  1  2  3  4  5  6  7  8  9 10 |
---------------+-------------------------------+-----
Shields        | 3 4 6 |  6.1
Unarmed Combat | 4 5 6 8 10 11 | 11.2
Fighting       | 3 4 5 6 7 |  7.0
Throwing       | 2 3 |  3.0
Dodging        | 3 |  3.3

Action                   |  1- 3 |  4- 6 |  7- 9 | 10-12 || total
-------------------------+-------+-------+-------+-------++-------
Melee: Unarmed           |    91 |    95 |   267 |    33 ||   486
Throw: Large rock        |       |       |     4 |     2 ||     6
Invok: Berserk           |       |       |     1 |       ||     1
       Trog's Hand       |       |       |       |     1 ||     1
  Use: Scroll            |       |     2 |    11 |       ||    13
       Potion            |       |     1 |     4 |     1 ||     6
 Stab: Sleeping          |     1 |     1 |     1 |       ||     3
Armor: Robe              |    25 |    18 |    90 |    13 ||   146
Dodge: Dodged            |    41 |    29 |   116 |    17 ||   203
Block: Kite shield       |    29 |    21 |    99 |     1 ||   150

Table legend: (Time is in decaauts)
 A = Elapsed time spent in this place.
 B = Non-inter-level travel time spent in this place.
 C = Inter-level travel time spent in this place.
 D = Time resting spent in this place.
 E = Time spent auto-exploring this place.
 F = Levels seen in this place.
 G = Mean time per level.
                   A        B        C        D        E       F      G
               +--------+--------+--------+--------+--------+-----+--------+
         Total |   7626 |   7222 |    404 |    780 |   5315 |  10 |  762.6 |
       Dungeon |   7626 |   7222 |    404 |    780 |   5315 |  10 |  762.6 |
               +--------+--------+--------+--------+--------+-----+--------+

Top non-repeatable levels by time:
     D:6: 1168 daAuts
     D:9: 1066 daAuts
     D:2: 1049 daAuts
     D:8: 916 daAuts
     D:4: 823 daAuts
     D:3: 687 daAuts
     D:5: 650 daAuts
     D:1: 624 daAuts
     D:7: 506 daAuts
    D:10: 133 daAuts
